 Dungeon Crawl Stone Soup version 0.26-a0-466-g989023bd0d (webtiles) character file.

Game seed: 3164175264517790323

127 Goblin1989 the Changer (level 4, -3/32 HPs)
             Began as a Demonspawn Transmuter on Aug 9, 2020.
             Killed from afar by an orc wizard (4 damage)
             ... with a magic dart
             ... on level 3 of the Dungeon.
             The game lasted 00:07:56 (3758 turns).

Goblin1989 the Changer (Demonspawn Transmuter)      Turns: 3758, Time: 00:07:57

Health: -3/32      AC:  2    Str: 12    XL:     4   Next: 85%
Magic:  5/8        EV: 19    Int: 14    God:
Gold:   83         SH:  0    Dex: 18    Spells: 2/8 levels left

rFire    . . .     SeeInvis .     - Unarmed
rCold    . . .     Faith    .   (shield currently unavailable)
rNeg     . . .     Spirit   .   (armour currently unavailable)
rPois    x         Reflect  .   (helmet currently unavailable)
rElec    .         Harm     .   (cloak currently unavailable)
rCorr    +                      (gloves currently unavailable)
MR       .....                  (boots currently unavailable)
Stlth    ++........             (no amulet)
HPRegen  0.10/turn              g - ring of resist corrosion
MPRegen  0.11/turn              (no ring)

@: brilliant, spider-form (expiring), slowed, very slow
A: tiny
a: End Transformation


You were on level 3 of the Dungeon.
You were a venomous arachnid creature.
You visited 1 branch of the dungeon, and saw 3 of its levels.

You collected 83 gold pieces.

Inventory:

Hand Weapons
 n - a +0 hunting sling
 q - a +3 dagger
Missiles
 e - 147 stones (quivered) {@Q3}
 j - 15 bolts
 o - 15 poisoned darts
 r - 3 silver boomerangs
Armour
 a - a +0 robe (melded)
Jewellery
 g - a ring of resist corrosion (left front leg)
Scrolls
 c - 3 scrolls of fear {unknown}
 d - a scroll of amnesia {unknown}
 i - 3 scrolls of identify {unknown}
 k - 6 scrolls of remove curse {unknown}
 m - a scroll of enchant armour {unknown}
Potions
 b - a potion of brilliance
 f - a potion of lignification {unknown}
 l - a potion of haste {unknown}
 p - a potion of degeneration {unknown}


   Skills:
 - Level 1.0 Fighting
 - Level 1.7 Dodging
 - Level 2.6 Unarmed Combat
 + Level 2.7 Spellcasting
 + Level 3.8 Transmutations
 + Level 1.6 Poison Magic


You had 2 spell levels left.
You knew the following spells:

 Your Spells              Type           Power        Failure   Level
a - Beastly Appendage     Tmut           ###...       14%         1
b - Wereblood             Tmut           ###.....     19%         2
c - Spider Form           Tmut/Pois      ##........   43%         3

Your spell library contained the following spells:

 Spells                   Type           Power        Failure   Level
 Ice Form                 Ice/Tmut       ##......     86%         4
 Blade Hands              Tmut           ###.......   90%         5


Dungeon Overview and Level Annotations

Branches:
Dungeon (3/15)

Altars:
Ru


Innate Abilities, Weirdness & Mutations

((You are partially covered in yellow scales. (AC +2)))
((Your flesh is cold resistant. (rC+)))


Message History

* * * LOW HITPOINT WARNING * * *
You take 4 damage, and have 12/32 hp.
Casting: Spider Form (quite dangerous; 24% risk of failure)
Confirm with . or Enter, or press ? or * to list all spells.
The spell is quite dangerous to cast (24% risk of failure)!
Continue anyway?
You feel a surge of power!
You turn into a venomous arachnid creature.
Your +0 robe melds into your body.
The leopard gecko closely misses you. x2
You now have 3/7 mp.
Unknown command.
You hit the orc priest.
The orc priest is poisoned.
The orc priest is lightly wounded.
The orc priest misses you. The leopard gecko bites you.
* * * LOW HITPOINT WARNING * * *
The orc wizard hits you but does no damage.
You take 2 damage, and have 10/32 hp.
You hit the orc priest.
The orc priest is moderately wounded.
The orc wizard hits you with a +0 dagger.
* * * LOW HITPOINT WARNING * * *
The orc priest misses you. The leopard gecko misses you.
You take 1 damage, and have 9/32 hp.
You completely miss the leopard gecko.
The leopard gecko is heavily wounded.
The orc wizard hits you with a +0 dagger.
* * * LOW HITPOINT WARNING * * *
The leopard gecko barely misses you. The orc priest barely misses you.
The orc wizard closely misses you.
You take 3 damage, and have 6/32 hp.
You barely miss the orc priest.
The orc priest is heavily wounded.
The leopard gecko misses you.
The orc wizard casts a spell.
The orc wizard blinks!
You hit the orc priest.
The orc priest looks as sick as possible!
The orc priest is severely wounded.
The orc priest barely misses you. The leopard gecko bites you.
* * * LOW HITPOINT WARNING * * *
You take 2 damage, and have 4/32 hp.
You feel much better.
You kill the orc priest!
The leopard gecko misses you.
You regained 19 hp, and now have 23/32 hp.
The leopard gecko misses you.
The orc wizard gestures at you while chanting.
You feel yourself slow down. The leopard gecko bites you.
Things that are here:
a +0 flail; an orc corpse You take 3 damage, and have 20/32 hp.
You hit the leopard gecko.
The leopard gecko is severely wounded.
The leopard gecko closely misses you. The orc wizard barely misses you.
You hit the leopard gecko but do no damage.
The leopard gecko is poisoned.
The leopard gecko is severely wounded.
You kill the leopard gecko!
The orc wizard barely misses you.
The orc wizard gestures at you while chanting.
You resist with some effort.
You closely miss the orc wizard.
The orc wizard is lightly wounded.
The orc wizard casts a spell.
The orc wizard blinks!
The orc wizard barely misses you. The orc wizard misses you.
Things that are here:
a +0 flail; an orc corpse You hit the orc wizard.
The orc wizard is moderately wounded.
Your transformation is almost over.
The orc wizard hits you with a +0 dagger. x2
You take 3 damage, and have 17/32 hp.
You completely miss the orc wizard.
The orc wizard is moderately wounded.
The orc wizard gestures at you while chanting.
The magic dart hits you!
* * * LOW HITPOINT WARNING * * *
The orc wizard misses you.
You take 7 damage, and have 10/32 hp.
MASSIVE DAMAGE!!
You hit the orc wizard.
The orc wizard is poisoned.
The orc wizard is moderately wounded.
The orc wizard gestures at you while chanting.
The magic dart hits you.
* * * LOW HITPOINT WARNING * * *
The orc wizard completely misses you.
You take 6 damage, and have 4/32 hp.
You barely miss the orc wizard.
The orc wizard is heavily wounded.
The orc wizard is no longer moving quickly.
The orc wizard casts a spell.
The orc wizard seems to speed up.
The orc wizard barely misses you. The orc wizard closely misses you.
You hit the orc wizard.
The orc wizard is heavily wounded.
The orc wizard points at you and mumbles some strange words.
The magic dart hits you.
* * * LOW HITPOINT WARNING * * *
The orc wizard casts a spell at you. The magic dart hits you.
You die...

... ... █. ... █.
███.████████ ...
..██..........█ ...
.............█ ...
█.^.........█ ... █.
█......)...█ ... ....
█....†.....█ ... █...
█.....so<..█ ... ██.█.
█..........█
█████....██..........█
[....█..█..█████████
██....o...)█
█..........█
█..........█
..........o██
.█..........█


You could see an orc wizard (fast, very poisoned).

Vanquished Creatures
  An orc priest (D:3)
  2 adders (D:2)
  2 worms (D:2)
  2 leopard geckos
  8 orcs
  8 bats
  2 giant cockroaches (D:1)
  4 hobgoblins
  6 jackals (D:1)
  A quokka (D:2)
  7 frilled lizards
  8 goblins
  10 kobolds
  3 rats
64 creatures vanquished.

Notes
Turn   | Place    | Note
-------+----------+-------------------------------------------
     0 | D:1      | Goblin1989 the Demonspawn Transmuter began the quest for
                  | the Orb.
     0 | D:1      | Reached XP level 1. HP: 15/15 MP: 3/3
    48 | D:1      | Reached skill level 2 in Transmutations
   209 | D:1      | Gained mutation: You are partially covered in yellow
                  | scales. (AC +2) [demonic ancestry]
   209 | D:1      | Reached XP level 2. HP: 14/21 MP: 3/5
   347 | D:1      | Learned a level 2 spell: Wereblood
   523 | D:1      | Reached skill level 3 in Transmutations
  1062 | D:2      | Gained mutation: Your flesh is cold resistant. (rC+)
                  | [demonic ancestry]
  1062 | D:2      | Reached XP level 3. HP: 26/26 MP: 6/6
  1107 | D:2      | Learned a level 3 spell: Spider Form
  1488 | D:2      | Found a sacrificial altar of Ru.
  2237 | D:2      | Reached skill level 1 in Poison Magic
  2237 | D:2      | Reached XP level 4. HP: 16/32 MP: 5/7
  3758 | D:3      | HP: 1/32 [orc wizard/magic dart (3)]
  3758 | D:3      | Killed from afar by an orc wizard

Illustrated notes

Levels and vault maps discovered:
D:1:      lordsloth_arrival_two_stooges, layout_loops_ring
D:2:      layout_loops_ring, nicolae_ru_the_path_less_chosen
D:3:      layout_rooms, lightli_temple_of_fire,
          nemelex_xobeh_ov_fountains_minmay

Skill      XL: |  1  2  3 |
---------------+----------+-----
Transmutations | 2 3 |  3.8
Poison Magic   | 1 |  1.6
Fighting       | |  1.0
Dodging        | |  1.7
Unarmed Combat | |  2.6
Spellcasting   | |  2.7

Action                   |  1- 3 |  4- 6 || total
-------------------------+-------+-------++-------
Melee: Unarmed           |   158 |    58 ||   216
       Kick              |    24 |     1 ||    25
       Headbutt          |    10 |       ||    10
       Punch             |       |     1 ||     1
 Cast: Beastly Appendage |    29 |     4 ||    33
       Wereblood         |     1 |     2 ||     3
       Spider Form       |     1 |     5 ||     6
  Use: Potion            |       |     3 ||     3
 Stab: Sleeping          |     2 |       ||     2
Armor: Robe              |    49 |    12 ||    61
       Skin              |       |     3 ||     3
Dodge: Dodged            |    88 |    61 ||   149

Table legend: (Time is in decaauts)
 A = Elapsed time spent in this place.
 B = Non-inter-level travel time spent in this place.
 C = Inter-level travel time spent in this place.
 D = Time resting spent in this place.
 E = Time spent auto-exploring this place.
 F = Levels seen in this place.
 G = Mean time per level.
                   A        B        C        D        E       F      G
               +--------+--------+--------+--------+--------+-----+--------+
         Total |   3754 |   3636 |    118 |   1621 |   1466 |   3 | 1251.3 |
       Dungeon |   3754 |   3636 |    118 |   1621 |   1466 |   3 | 1251.3 |
               +--------+--------+--------+--------+--------+-----+--------+

Top non-repeatable levels by time:
     D:2: 2597 daAuts
     D:1: 1047 daAuts
     D:3: 109 daAuts
